 Dungeon Crawl Stone Soup version 0.27.1-33-g824d729ab1 (webtiles) character file.

Game seed: 5283256331654233612

4 Grabarz the Cudgeller (level 1, -2/13 HPs)
             Began as a Human Wanderer on Dec 2, 2021.
             Frozen to death by an endoplasm (5 damage)
             ... on level 1 of the Dungeon.
             The game lasted 00:04:47 (241 turns).

Grabarz the Cudgeller (Human Wanderer)               Turns: 241, Time: 00:04:47

Health: -2/13      AC:  8    Str: 13    XL:     1   Next: 77%
Magic:  1/2        EV:  5    Int: 13    God:
Gold:   15         SH:  0    Dex: 10    Spells: 1/2 levels left

rFire    . . .     SeeInvis .   d - +0 dagger
rCold    . . .     Faith    .   (no shield)
rNeg     . . .     Spirit   .   a - +0 chain mail
rPois    .         Reflect  .   (no helmet)
rElec    .         Harm     .   (no cloak)
rCorr    .         Rampage  .   (no gloves)
Will     .....                  (no boots)
Stlth    ..........             (no amulet)
HPRegen  0.04/turn              (no ring)
MPRegen  0.08/turn              (no ring)

@: very slightly contaminated
A: no striking features
a: no special abilities


You were on level 1 of the Dungeon.
You visited 1 branch of the dungeon, and saw 1 of its levels.

You collected 15 gold pieces.

Inventory:

Hand Weapons
 d - a +0 dagger (weapon)
Armour
 a - a +0 chain mail (worn)
 b - a +0 robe
Scrolls
 c - a scroll of teleportation


   Skills:
 + Level 3.2 Maces & Flails
 + Level 2.1 Armour
 + Level 2.0 Stealth
 + Level 1.0 Spellcasting
 + Level 2.0 Transmutations


You had one spell level left.
You knew the following spells:

 Your Spells              Type           Power      Damage    Failure   Level
a - Beastly Appendage     Tmut           10%        N/A       98%         1

Your spell library contained the following spells:

 Spells                   Type           Power      Damage    Failure   Level
 Magic Dart               Conj           0%         1d3       100%        1
 Blink                    Tloc           N/A        N/A       100%        2
 Call Imp                 Summ           0%         N/A       100%        2
 Slow                     Hex            0%         N/A       100%        2
 Conjure Flame            Conj/Fire      0%         6-21      100%        3
 Ignite Poison            Fire/Tmut/Pois 2%         N/A       100%        3
 Mephitic Cloud           Conj/Pois/Air  0%         N/A       100%        3


Dungeon Overview and Level Annotations

Branches:
Dungeon (1/15)

Altars:


Message History

You start resting.
HP restored.
You see here 27 stones.
Found a metallic golden potion.
Found a chain mail.
You see here a +0 chain mail.
a - a +0 chain mail You start removing your armour.
You continue taking off your +0 robe. x4
You finish taking off your +0 robe.
You start putting on your armour.
You continue putting on your +0 chain mail. x5
You finish putting on your +0 chain mail.
An endoplasm comes into view.
The endoplasm quivers.
Found a bubbling red potion.
Casting: Beastly Appendage (safe; 98% risk of failure)
Confirm with . or Enter, or press ? or * to list all spells.
You miscast Beastly Appendage.
You are very lightly contaminated with residual magic.
Nothing appears to happen.
You hit the endoplasm.
The endoplasm is lightly wounded.
The endoplasm completely misses you.
You hit the endoplasm.
The endoplasm is moderately wounded.
The endoplasm hits you but does no damage.
You hit the endoplasm but do no damage.
The endoplasm is moderately wounded.
The endoplasm freezes you.
You are frozen.
You hit the endoplasm.
The endoplasm is heavily wounded.
The endoplasm freezes you.
You are frozen.
* * * LOW HITPOINT WARNING * * *
You hit the endoplasm but do no damage.
The endoplasm is heavily wounded.
The endoplasm freezes you.
You are frozen.
You die...

######.#♣.♣
#.#♣.♣
#.#♣.♣
#!#♣.♣ #.
♣.♣ ♣.♣
#♣.♣# #...#
#@#.....!
#J#.#.##.
....#.#
##.#.# #
#.#.# #.#.#
#.# #.#


You could see an endoplasm.

Vanquished Creatures
  A dart slug (D:1)
  An endoplasm (D:1)
  A frilled lizard (D:1)
3 creatures vanquished.

Notes
Turn   | Place    | Note
-------+----------+-------------------------------------------
     0 | D:1      | Grabarz the Human Wanderer began the quest for the Orb.
     0 | D:1      | Grabarz set off with the following items: a +0 club, a +0
                  | robe, a scroll of teleportation, a +0 dagger; and the
                  | following spells available to memorise: Beastly Appendage,
                  | Magic Dart, Blink, Call Imp, Slow, Ignite Poison, Conjure
                  | Flame, Mephitic Cloud
     0 | D:1      | Reached XP level 1. HP: 13/13 MP: 2/2
     8 | D:1      | Learned a level 1 spell: Beastly Appendage
   241 | D:1      | Frozen to death by an endoplasm

Illustrated notes

Levels and vault maps discovered:
D:1:      evilmike_arrival_plus, layout_basic, serial_forest,
          infiniplex_forest_end_double, infiniplex_forest_lined_corner,
          infiniplex_forest_clump_tiny, infiniplex_forest_end_2,
          infiniplex_forest_lined_2, infiniplex_forest_straight_3,
          infiniplex_forest_clump_cross, infiniplex_forest_corner_2,
          infiniplex_forest_lined_room_3,
          dreamdust_ecumenical_altar_angels_and_demons, chequers_avenue

Action                   || total
-------------------------++-------
Melee: Dagger            ||    10
       Kick              ||     2
       Headbutt          ||     1
 Cast: Beastly Appendage ||     1
Armor: Robe              ||     1
       Chain mail        ||     1
Dodge: Dodged            ||     4
